 Dungeon Crawl Stone Soup version 0.24-a0-228-g05560da (webtiles) character file.

Game seed: 17841632024700647798

102383 gruber the Carver (level 16, -1/85 HPs)
             Began as a Vine Stalker Berserker on Apr 1, 2019.
             Was a High Priest of Trog.
             Killed by divine providence
             ... invoked by an orc priest
              (12 damage)
             ... on level 2 of the Orcish Mines.
             The game lasted 00:44:15 (21274 turns).

gruber the Carver (Vine Stalker Berserker)         Turns: 21274, Time: 00:44:15

Health: -1/85      AC: 30    Str: 22    XL:     16   Next: 33%
Magic:  0/17       EV: 13    Int: 13    God:    Trog [*****.]
Gold:   1851       SH: 13    Dex: 16    Spells: 15/15 levels left

rFire    + + .     SeeInvis .   T - +5 demon blade (freeze)
rCold    . . .     Gourm    .   O - +0 shield {AC+3}
rNeg     . . .     Faith    .   U - +7 chain mail of the Depths {rPois Regen+ rCorr Dex-3}
rPois    +         Spirit   +   w - +2 hat
rElec    .         Reflect  .   y - +1 cloak {MR+}
rCorr    +         Harm     .   M - +2 pair of gloves
MR       +++..                  J - +0 pair of boots
Stlth    ..........             u - amulet of regeneration
HPRegen  1.84/turn              s - ring "Ubbuleeq" {Wiz rF+ Int+6 Slay+5}
MPRegen  0.15/turn              z - ring of protection from fire

@: lightly drained
A: fangs 3, regeneration 2, magic shield, antimagic bite, no potion heal 3, rot
immunity
a: Berserk, Trog's Hand, Brothers in Arms, Renounce Religion


You were on level 2 of the Orcish Mines.
You worshipped Trog.
Trog was extremely pleased with you.
You were very hungry.

You visited 3 branches of the dungeon, and saw 23 of its levels.
You also visited: Ice Cave.

You collected 1983 gold pieces.
You spent 132 gold pieces at shops.

Inventory:

Hand Weapons
 f - a +4 scimitar of flaming
 k - the +4 long sword of the Penguin {freeze, rC+}
   (You found it on level 4 of the Lair of Beasts)

   It has been specially enchanted to freeze those struck by it, causing extra
   injury to most foes and up to half again as much damage against particularly
   susceptible opponents.
   It can also slow down cold-blooded creatures.
   It protects you from cold.
 T - a +5 demon blade of freezing (weapon)
Missiles
 n - 4 tomahawks of returning (quivered)
 R - 3 poisoned javelins
 V - 8 silver javelins
Armour
 w - a +2 hat (worn)
 y - a +1 cloak of magic resistance (worn)
 J - a +0 pair of boots (worn)
 M - a +2 pair of gloves (worn)
 O - a +0 shield of protection (worn)
 U - the +7 chain mail of the Depths (worn) {rPois Regen+ rCorr Dex-3}
   (You found it on level 2 of the Lair of Beasts)

   It affects your dexterity (-3).
   It protects you from poison.
   It increases your rate of regeneration.
   It provides partial protection from all sources of acid and corrosion.
Jewellery
 s - the ring "Ubbuleeq" (left hand) {Wiz rF+ Int+6 Slay+5}
   (You found it on level 4 of the Dungeon)

   [ring of wizardry]

   It improves your spell success rate.
   It affects your intelligence (+6).
   It affects your accuracy and damage with ranged weapons and melee attacks
   (+5).
   It protects you from fire.
 u - an amulet of regeneration (around neck)
 z - a ring of protection from fire (right hand)
 G - an uncursed ring of positive energy
Wands
 b - a wand of paralysis (18)
 m - a wand of clouds (3)
 t - a wand of random effects (64)
 A - a wand of flame (44)
 E - a wand of iceblast (36)
 L - a wand of acid (30)
 S - a wand of enslavement (5)
 W - a wand of disintegration (13)
 Y - a wand of polymorph (15)
Scrolls
 a - 2 scrolls of fog {unknown}
 d - 2 scrolls of noise {unknown}
 e - a scroll of fear {unknown}
 i - 4 scrolls of remove curse
 l - 11 scrolls of teleportation {unknown}
 o - 2 scrolls of magic mapping
 p - 2 scrolls of enchant weapon {unknown}
 B - 6 scrolls of enchant armour {unknown}
 F - 2 scrolls of summoning {unknown}
 K - a scroll of silence {unknown}
 N - a scroll of blinking {unknown}
 P - 2 scrolls of identify
 Q - a scroll of torment {unknown}
 X - a scroll of vulnerability
 Z - 2 scrolls of immolation
Potions
 g - 4 potions of agility
 h - 3 potions of flight
 j - 12 potions of curing
 q - 3 potions of might
 r - a potion of invisibility
 v - a potion of haste
 x - a potion of ambrosia
 C - 2 potions of resistance
 D - 3 potions of brilliance
 I - a potion of mutation
Miscellaneous
 H - a lamp of fire
Comestibles
 c - 22 rations


   Skills:
 - Level 10.3(10.2) Fighting
 * Level 14.8(14.7) Long Blades
 - Level 9.2(9.1) Armour
 - Level 9.4(9.3) Dodging
 - Level 3.0(2.9) Stealth
 - Level 12.1(12.0) Shields


You had 15 spell levels left.
You didn't know any spells.
Your spell library contained the following spells:

 Spells                   Type           Power        Failure   Level  Hunger
 Freeze                   Ice            #...         71%         1    ##.....
 Magic Dart               Conj           #...         71%         1    ##.....
 Poisonous Vapours        Pois/Air       #.....       83%         2    ###....
 Searing Ray              Conj           #.....       83%         2    ###....
 Throw Frost              Conj/Ice       #.....       83%         2    ###....
 Conjure Flame            Conj/Fire      #.......     96%         3    ####...
 Dazzling Spray           Conj/Hex       #.....       96%         3    ####...
 Mephitic Cloud           Conj/Pois/Air  #.......     96%         3    ####...
 Ozocubu's Armour         Chrm/Ice       #.......     96%         3    ####...
 Recall                   Summ/Tloc      N/A          96%         3    ####...
 Animate Dead             Necr           N/A          100%        4    #####..
 Force Lance              Conj/Tloc      #.......     100%        4    #####..
 Fulminant Prism          Conj/Hex       #.........   100%        4    #####..
 Iskenderun's Mystic Bla  Conj           #.......     100%        4    #####..
 Summon Ice Beast         Ice/Summ       #.......     100%        4    #####..
 Throw Icicle             Conj/Ice       #.......     100%        4    #####..
 Bolt of Magma            Conj/Fire/Erth #.........   100%        5    ######.
 Borgnjor's Vile Clutch   Necr/Erth      #.........   100%        5    ######.
 Iskenderun's Battlesphe  Conj/Chrm      #.......     100%        5    ######.
 Venom Bolt               Conj/Pois      #.........   100%        5    ######.
 Death Channel            Necr           #.........   100%        6    #######
 Freezing Cloud           Conj/Ice/Air   #.........   100%        6    #######
 Iron Shot                Conj/Erth      #.........   100%        6    #######
 Simulacrum               Ice/Necr       #.........   100%        6    #######
 Orb of Destruction       Conj           #.........   100%        7    #######
 Ring of Flames           Chrm/Fire      #.........   100%        7    #######
 Spellforged Servitor     Conj/Summ      #.........   100%        7    #######


Dungeon Overview and Level Annotations

Branches:
Dungeon (15/15)            Temple (0/1) D:6            Lair (6/6) D:11
 Shoals (0/4) Lair:4        Snake (0/4) Lair:4        Slime (0/5) Lair:6
    Orc (2/2) D:12         Vaults (0/5) D:13         Depths (0/5) D:15
    Elf: Orc:2

Altars:
Fedhas
Gozag
Makhleb
Okawaru
Qazlal
Sif Muna
Trog
Xom
Yredelemnul
Zin
Jiyva

Shops:
D:4 !   D:8 }   D:12 =

Annotations:
D:12 3 runed translucent doors, Orphidia's ghost, journeyman DgGl
Lair:3 1 runed translucent door, Phong's ghost, journeyman DrCj


Innate Abilities, Weirdness & Mutations

You have razor-sharp teeth.
You heal very quickly.
When hurt, damage is shared between your health and your magic reserves.
Your bite disrupts and absorbs the magic of your enemies.
Potions cannot restore your health.
You are immune to rotting.


Message History

You barely miss the ettin. You bite the ettin, but do no damage.
You block the ettin's attack.
The ettin hits you with a +0 dire flail of protection!!
* * * LOW HITPOINT WARNING * * *
A troll comes into view.
You hear a shout! x2
The orc priest mumbles some strange prayers to Beogh against you.
Beogh smites you!
* * * LOW HITPOINT WARNING * * *
You hear a shout!
Items here: )) [ † a +0 giant club; a +0 spear; a +0 robe; an ogre corpse The orc priest calls down the wrath of Beogh upon you.
Beogh smites you!
* * * LOW HITPOINT WARNING * * *
There is a stone staircase leading up here.
The ettin completely misses you. The ettin closely misses you.
The orc priest mumbles some strange prayers to Beogh against you.
Beogh smites you!
You die...

......................#
......................##
.......................#
.........#.#.#........##
.....................##
......C..o...........##
.......#o)..O.####....#
.....o.)#OO.C..# ###.##
.....OO##...#@## ###
....Co# ##.#### ....O.
### ..... ..... ...T
....


You could see a stone giant, an ettin, a two-headed ogre, 2 ogres, an orc priest
and an orc.

Vanquished Creatures
  Jorgrun (D:15)
  Gastronok (D:9)
  An orc warlord (Orc:1)
  A fire dragon (D:15)
  A vault guard (D:13)
  Erolcha (D:10)
  7 hydras
  4 catoblepae (Lair:6)
  8 death yaks
  3 centaur warriors
  2 ogre magi (Orc:2)
  A death knight (D:15)
  4 two-headed ogres
  4 tengu warriors
  A deep troll earth mage (D:15)
  4 skeletal warriors (D:13)
  An unseen horror (D:15)
  Pikel (D:7)
  A necromancer (IceCv)
  A wolf spider (D:15)
  An orb spider (shapeshifter) (D:15)
  A deep elf mage (D:14)
  An oklob plant (Lair:1)
  An orc sorcerer (Orc:1)
  3 slime creatures (D:13)
  7 ugly things
  3 cyclopes
  2 manticores (Lair:6)
  2 centaur zombies
  Joseph (D:7)
  5 elephants (Lair:6)
  An ice statue (IceCv)
  3 black mambas
  A gargoyle (D:14)
  9 spiny frogs
  3 centaur skeletons
  A rime drake (Lair:6)
  An efreet (D:13)
  3 komodo dragons
  4 tengu conjurers
  9 freezing wraiths
  8 trolls
  Prince Ribbit (D:7)
  3 meliai
  A polar bear (Lair:6)
  A wolf spider simulacrum (IceCv)
  A hornet (D:8)
  8 blink frogs
  2 dream sheep (Lair:5)
  A meliai zombie (D:15)
  11 hippogriffs
  A water elemental (D:15)
  A wraith (D:13)
  2 wyverns
  A vampire (D:12)
  24 yaks
  Sigmund (D:2)
  A hungry ghost (D:15)
  5 basilisks
  6 vampire mosquitoes (D:14)
  A steam dragon (D:12)
  A warg (Orc:1)
  An acid dragon (D:14)
  4 water moccasins
  13 porcupines
  2 sky beasts
  8 ice beasts
  3 slaves (D:7)
  2 black bears
  9 orc warriors
  A phantom (D:9)
  An eye of draining (D:11)
  12 ogres
  2 wolves (Lair:2)
  A boggart (D:15)
  15 centaurs
  13 crocodiles
  A big kobold (D:8)
  13 bullfrogs
  A gnoll sergeant (D:12)
  A wyvern zombie (D:13)
  7 scorpions
  A swamp dragon simulacrum (IceCv)
  3 killer bees (D:12)
  5 wights (D:9)
  3 electric eels (Lair:2)
  7 howler monkeys
  10 crimson imps
  2 draconian simulacra (IceCv)
  A quasit (D:6)
  A bullfrog zombie (D:12)
  10 jellies
  12 orc priests
  5 hounds
  3 iron imps (D:8)
  A gnoll shaman (D:5)
  7 iguanas
  Terence (D:2)
  A troll simulacrum (IceCv)
  16 worker ants
  9 orc wizards
  2 spriggan simulacra (IceCv)
  6 hell rats (Lair:3)
  2 polar bear simulacra (IceCv)
  A killer bee zombie (D:7)
  3 centaur simulacra (IceCv)
  2 worker ant zombies
  12 gnolls
  A naga simulacrum (IceCv)
  4 ogre simulacra (IceCv)
  21 adders
  4 shadow imps
  19 white imps
  An ooze (D:5)
  3 dart slugs
  5 leopard geckos
  39 orcs
  3 ball pythons
  3 giant cockroaches
  5 goblins (D:1)
  10 hobgoblins
  7 jackals
  12 kobolds
  4 quokkas
  7 bats
  5 frilled lizards
  A jackal zombie (D:8)
  A leopard gecko zombie (D:7)
  6 rats
588 creatures vanquished.

Vanquished Creatures (collateral kills)
  Rupert (D:15)
  A fire dragon (D:15)
  A hydra (Lair:5)
  A wolf spider zombie (D:14)
  A torpor snail (Lair:5)
  2 freezing wraiths (IceCv)
  A troll (D:14)
  2 dream sheep (Lair:5)
  A vampire mosquito (D:14)
  A bullfrog (D:14)
  4 draconian simulacra (IceCv)
  3 ogre simulacra (IceCv)
  5 white imps (IceCv)
24 creatures vanquished.

Vanquished Creatures (others)
  An ogre (D:12)
  An orc (Orc:1)
  A bush (D:13)
  2 fungi (Lair:6)
  2 plants
7 creatures vanquished.

Grand Total: 619 creatures vanquished

Notes
Turn   | Place    | Note
-------+----------+-------------------------------------------
     0 | D:1      | gruber the Vine Stalker Berserker began the quest for the
                  | Orb.
     0 | D:1      | Reached XP level 1. HP: 11/11 MP: 2/2
    96 | D:1      | Reached skill level 3 in Long Blades
   272 | D:1      | Reached XP level 2. HP: 9/16 MP: 3/3
  1141 | D:1      | Reached XP level 3. HP: 19/19 MP: 4/4
  1442 | D:2      | Reached skill level 4 in Long Blades
  1590 | D:2      | Noticed Terence
  1596 | D:2      | Killed Terence
  1596 | D:2      | Gained mutation: Your natural rate of healing is unusually
                  | fast. [Vine Stalker growth]
  1596 | D:2      | Reached XP level 4. HP: 20/23 MP: 5/5
  1704 | D:2      | Noticed Sigmund
  1710 | D:2      | Killed Sigmund
  1710 | D:2      | Reached skill level 5 in Long Blades
  1710 | D:2      | Reached XP level 5. HP: 27/27 MP: 6/6
  1871 | D:2      | Found a faded altar of an unknown god.
  2002 | D:2      | Reached ** piety under Trog
  2053 | D:2      | Reached skill level 6 in Long Blades
  2053 | D:2      | Reached XP level 6. HP: 32/32 MP: 7/7
  2613 | D:3      | Found a stormy altar of Qazlal.
  2617 | D:3      | Found a basalt altar of Yredelemnul.
  3037 | D:4      | Found Coodut's Distillery.
  3045 | D:4      | Bought a potion of curing for 36 gold pieces
  3045 | D:4      | Bought 2 potions of might for 96 gold pieces
  3065 | D:4      | Reached XP level 7. HP: 21/38 MP: 6/8
  3164 | D:4      | Got an ancient golden ring
  3177 | D:4      | Identified the ring "Ubbuleeq" {Wiz rF+ Int+6 Slay+5} (You
                  | found it on level 4 of the Dungeon)
  3578 | D:4      | Found an iron altar of Okawaru.
  3578 | D:4      | Found an opulent altar of Gozag.
  3696 | D:4      | Reached skill level 5 in Fighting
  4007 | D:5      | Entered Level 5 of the Dungeon
  4007 | D:5      | Found a bloodstained altar of Trog.
  4076 | D:5      | Gained mutation: You have razor-sharp teeth. [Vine Stalker
                  | growth]
  4076 | D:5      | Reached XP level 8. HP: 36/45 MP: 9/9
  4094 | D:5      | Reached *** piety under Trog
  4129 | D:5      | Found a glowing silver altar of Zin.
  4129 | D:5      | Found a deep blue altar of Sif Muna.
  4809 | D:6      | Found a staircase to the Ecumenical Temple.
  5262 | D:7      | Noticed Joseph
  5269 | D:7      | Got a scorched scale mail
  5317 | D:6      | Identified the cursed +1 scale mail "Deshreum" {rF- rC+
                  | Str+3} (You found it on level 7 of the Dungeon)
  5364 | D:7      | Got a blackened short sword
  5839 | D:7      | Reached XP level 9. HP: 52/53 MP: 8/10
  5928 | D:7      | Noticed Pikel
  5939 | D:7      | Killed Pikel
  5998 | D:7      | Killed Joseph
  5998 | D:7      | Reached skill level 5 in Dodging
  6012 | D:7      | Identified the +1 short sword of Checkmate {pierce, *Slow
                  | Int+2 Dex+4} (You found it on level 7 of the Dungeon)
  6157 | D:8      | Noticed Prince Ribbit
  6171 | D:7      | Killed Prince Ribbit
  6876 | D:8      | Found Wioc Byl's Gadget Boutique.
  6984 | D:8      | Found a burning altar of Makhleb.
  7003 | D:8      | Reached **** piety under Trog
  7275 | D:9      | Noticed a hornet
  7279 | D:8      | Paralysed by a hornet for 2 turns
  7285 | D:8      | Killed a hornet
  7285 | D:8      | Reached skill level 5 in Armour
  7285 | D:8      | Reached XP level 10. HP: 34/58 MP: 5/11
  7543 | D:9      | Noticed Gastronok
  7570 | D:9      | Killed Gastronok
  8076 | D:10     | Entered Level 10 of the Dungeon
  8406 | D:10     | Reached XP level 11. HP: 54/62 MP: 12/12
  8554 | D:10     | Noticed Erolcha
  8561 | D:10     | Killed Erolcha
  8627 | D:10     | Noticed a brown ugly thing
  8633 | D:10     | Killed a brown ugly thing
  9353 | D:11     | Found a staircase to the Lair.
  9512 | D:11     | You fall through a shaft for 3 floors!
  9573 | D:14     | Reached skill level 7 in Long Blades
  9614 | D:14     | Noticed a deep elf mage
  9623 | D:14     | Noticed a soul eater
  9637 | D:14     | Killed a deep elf mage
  9779 | D:14     | Reached skill level 8 in Long Blades
  9915 | D:14     | Noticed a tengu warrior
  9937 | D:14     | Killed a tengu warrior
  9967 | D:14     | Gained mutation: You heal very quickly. [Vine Stalker
                  | growth]
  9967 | D:14     | Reached XP level 12. HP: 66/66 MP: 13/13
 10415 | D:14     | Reached skill level 9 in Long Blades
 10735 | D:12     | Noticed a two-headed ogre
 10744 | D:12     | Killed a two-headed ogre
 10744 | D:12     | Reached skill level 10 in Long Blades
 10748 | D:12     | Found Kafuxiol's Jewellery Boutique.
 10811 | D:12     | Found a frozen archway.
 10863 | D:12     | Noticed a two-headed ogre
 10872 | D:12     | Killed a two-headed ogre
 10907 | IceCv    | Entered an ice cave
 10975 | IceCv    | Reached ***** piety under Trog
 11022 | IceCv    | Reached skill level 11 in Long Blades
 11206 | IceCv    | Found an ancient bone altar of Kikubaaqudgha.
 11326 | IceCv    | Reached skill level 10 in Fighting
 12171 | D:12     | Reached XP level 13. HP: 71/72 MP: 14/14
 12380 | D:12     | Found a runed translucent gate.
 12380 | D:12     | Found a runed translucent gate.
 12380 | D:12     | Found a runed translucent gate.
 12382 | D:12     | Noticed Orphidia's ghost (journeyman DgGl)
 12499 | D:12     | Reached skill level 1 in Shields
 12536 | D:12     | Received a gift from Trog
 13001 | D:13     | Reached skill level 5 in Shields
 13254 | D:13     | Found a blossoming altar of Fedhas.
 13327 | D:13     | Found a gate to the Vaults.
 13327 | D:13     | Noticed a vault guard
 13331 | D:13     | Killed a vault guard
 13714 | D:12     | Found a staircase to the Orcish Mines.
 14103 | D:15     | Entered Level 15 of the Dungeon
 14103 | D:15     | Noticed Jorgrun
 14221 | Lair:1   | Entered Level 1 of the Lair of Beasts
 15061 | Lair:1   | Received a gift from Trog
 15226 | Lair:2   | Got a warped chain mail
 15227 | Lair:2   | Identified the +7 chain mail of the Depths {rPois Regen+
                  | rCorr Dex-3} (You found it on level 2 of the Lair of
                  | Beasts)
 15240 | Lair:2   | Reached XP level 14. HP: 77/77 MP: 15/15
 16077 | Lair:3   | Found a runed translucent door.
 16078 | Lair:3   | Found a shimmering altar of Xom.
 16078 | Lair:3   | Noticed Phong's ghost (journeyman DrCj)
 16384 | Lair:4   | Reached skill level 10 in Shields
 16560 | Lair:4   | Reached XP level 15. HP: 62/80 MP: 13/16
 16720 | Lair:4   | Got a blackened long sword
 16796 | Lair:4   | Found a staircase to the Snake Pit.
 16813 | Lair:4   | Found a staircase to the Shoals.
 17049 | Lair:5   | Identified the +4 long sword of the Penguin {freeze, rC+}
                  | (You found it on level 4 of the Lair of Beasts)
 17884 | Lair:6   | Entered Level 6 of the Lair of Beasts
 18438 | Lair:6   | Received a gift from Trog
 18521 | Lair:6   | Reached skill level 12 in Long Blades
 18574 | Lair:6   | Received a gift from Trog
 18834 | Lair:6   | Found a viscous altar of Jiyva.
 18835 | Lair:6   | Found a staircase to the Slime Pits.
 19511 | D:15     | Killed Jorgrun
 19580 | D:15     | Reached skill level 13 in Long Blades
 20223 | D:15     | Noticed Rupert
 20240 | D:15     | Killed Rupert
 20240 | D:15     | Reached XP level 16. HP: 42/85 MP: 17/17
 20281 | D:15     | Found a staircase to the Depths.
 20657 | D:15     | Reached skill level 14 in Long Blades
 20916 | Orc:1    | Entered Level 1 of the Orcish Mines
 21181 | Orc:2    | Entered Level 2 of the Orcish Mines
 21274 | Orc:2    | Killed from afar by an orc priest

Levels and vault maps discovered:
D:1:      dpeg_arrival_pits, layout_basic
D:2:      layout_basic, first_ration, chequers_ecumenical_altar_simple,
          uniq_sigmund, uniq_terence
D:3:      layout_rooms, chequers_temple_overflow_statue_of_worship
D:4:      layout_cave_pods, gammafunk_temple_overflow_elements, serial_shops,
          shop, hangedman_decor_points
D:5:      layout_rooms, grunt_temple_overflow_open, zaba_anthole, bloody_trog
D:6:      layout_basic, minmay_temple_entry_nine_rooms, minmay_misc_feat_plants
D:7:      layout_loops_corners, uniq_joseph, uniq_pikel
D:8:      layout_basic, demons_altar, serial_shops, kennysheep_mini_moat,
          uniq_prince_ribbit1
D:9:      layout_irregular_city, uniq_gastronok
D:10:     layout_layer_cave, uniq_erolcha
D:11:     layout_long_grid, minmay_lair_entry_grove, grunt_tengu_nest
D:12:     layout_irregular_city, david_orc_4, gammafunk_ghost_spectres,
          portal_ice_cave_entry_imps, minmay_shop_enchanted_jewellery,
          minmay_misc_feat_diagonals
D:13:     layout_basic, david_vaults_5, fedhas_bush_and_centaur_altar
D:14:     layout_loops_corners, serial_bayou_shore_b, minmay_increasing_density
D:15:     grunt_enter_depths_hoard, layout_layer_cave, minmay_crystal_water,
          minmay_hollow_rounded_squares, uniq_rupert, uniq_jorgrun
Lair:1:   layout_gridlike, dpeg_stationary_puzzle
Lair:2:   layout_chaotic_city, beast_lair_carwin_5
Lair:3:   layout_roguey, ebering_ghost_xom
Lair:4:   layout_cave_shapes, shoals_dummy_entry, dummy_snake_entry,
          grunt_megastairs_3, infiniplex_staircase_pool_2, serial_bayou_shore_b
Lair:5:   layout_cave_pods
Lair:6:   evilmike_catoblepas_cave, layout_regular_city,
          dpeg_slime_entry_enclosed_altar, chequers_serial_rivers_room_b,
          lemuel_fruit_fields
Orc:1:    layout_caves, ebering_ghost_xom, basic_altar, kennysheep_orc_chapel
Orc:2:    st_orc_open, layout_caves, ebering_ghost_gozag
IceCv:    ice_cave_small_necro

Skill      XL: |  1  2  3  4  5  6  7  8  9 10 11 12 13 14 15 16 |
---------------+-------------------------------------------------+-----
Long Blades    | 3 4 5 6 8 11 13 14 | 14.8
Fighting       | 4 6 9 10 | 10.3
Dodging        | 5 8 9 |  9.4
Armour         | 5 9 |  9.2
Shields        | 9 10 12 | 12.1
Stealth        | 3 |  3.0

Action                   |  1- 3 |  4- 6 |  7- 9 | 10-12 | 13-15 | 16-18 || total
-------------------------+-------+-------+-------+-------+-------+-------++-------
Melee: Falchion          |    66 |   139 |   213 |   614 |   204 |       ||  1236
       Bite              |    25 |    56 |    87 |   340 |   382 |    52 ||   942
       Scimitar          |       |       |       |       |   181 |    10 ||   191
       Spear             |       |       |       |       |     3 |       ||     3
       Long sword        |       |       |       |       |   320 |       ||   320
       Demon blade       |       |       |       |       |    31 |   114 ||   145
Throw: Javelin           |       |       |       |       |     5 |       ||     5
       Tomahawk          |       |       |       |       |     4 |       ||     4
Invok: Berserk           |     1 |     2 |     3 |     6 |     1 |     1 ||    14
       Trog's Hand       |       |       |     1 |     4 |     3 |       ||     8
       Brothers in Arms  |       |       |       |     2 |     3 |       ||     5
Evoke: Wand              |       |       |       |       |     1 |       ||     1
  Use: Scroll            |       |       |    14 |     1 |    13 |       ||    28
       Potion            |       |       |       |       |     1 |       ||     1
 Stab: Sleeping          |     2 |       |       |       |       |       ||     2
       Distracted        |       |       |       |       |       |     1 ||     1
  Eat: Chunk             |     2 |     6 |     6 |    12 |    17 |     2 ||    45
       Ration            |       |       |     4 |     3 |     6 |       ||    13
Armor: Animal skin       |    11 |       |       |       |       |       ||    11
       Ring mail         |       |    43 |    79 |   270 |    77 |       ||   469
       Chain mail        |       |       |       |       |   236 |    37 ||   273
Dodge: Dodged            |    37 |    84 |   136 |   536 |   291 |    36 ||  1120
Block: Shield            |       |       |       |     7 |   379 |    60 ||   446
       Rpst.: Falchion   |     8 |    23 |    43 |   123 |    20 |       ||   217
       Scimitar          |       |       |       |       |    20 |       ||    20
       Long sword        |       |       |       |       |    19 |       ||    19
       Demon blade       |       |       |       |       |       |     5 ||     5

Table legend:
 A = Non-vault XP
 B = Vault XP
 C = Vault XP percentage of total XP
 D = Non-vault monster count
 E = Vault monster count
 F = Vault count percentage of total count
                 A         B        C        D         E       F
            +---------+---------+-------+---------+---------+-------
      Total |   68896 |   47450 |  40.8 |     434 |     176 |  28.9
            +---------+---------+-------+---------+---------+-------
        D:1 |      45 |       0 |   0.0 |      24 |       0 |   0.0
        D:2 |      72 |     229 |  76.1 |      18 |       2 |  10.0
        D:3 |     173 |       0 |   0.0 |      23 |       0 |   0.0
        D:4 |     261 |       0 |   0.0 |      12 |       0 |   0.0
        D:5 |     580 |     138 |  19.2 |      19 |       4 |  17.4
        D:6 |     570 |       0 |   0.0 |      18 |       0 |   0.0
        D:7 |     304 |    1416 |  82.3 |      10 |       3 |  23.1
        D:8 |     797 |     119 |  13.0 |      20 |       3 |  13.0
        D:9 |    1694 |    2213 |  56.6 |      34 |       1 |   2.9
       D:10 |    1541 |    1308 |  45.9 |      12 |       3 |  20.0
       D:11 |    1247 |    1991 |  61.5 |      17 |      12 |  41.4
       D:12 |    5527 |     869 |  13.6 |      34 |      28 |  45.2
       D:13 |   10399 |    2103 |  16.8 |      35 |       5 |  12.5
       D:14 |    4783 |     927 |  16.2 |      20 |       5 |  20.0
       D:15 |    9263 |   14229 |  60.6 |      24 |      15 |  38.5
     Lair:1 |    2919 |     557 |  16.0 |      13 |       1 |   7.1
     Lair:2 |    1267 |     559 |  30.6 |       7 |       5 |  41.7
     Lair:3 |    4561 |       0 |   0.0 |      17 |       0 |   0.0
     Lair:4 |    4102 |     392 |   8.7 |      10 |       2 |  16.7
     Lair:5 |    4161 |       0 |   0.0 |      15 |       0 |   0.0
     Lair:6 |    9994 |   10840 |  52.0 |      25 |      23 |  47.9
      Orc:1 |    4342 |       0 |   0.0 |      25 |       0 |   0.0
      Orc:2 |     294 |    3620 |  92.5 |       2 |      10 |  83.3
      IceCv |       0 |    5940 | 100.0 |       0 |      54 | 100.0
            +---------+---------+-------+---------+---------+-------
